[Event "Titled Tuesday Blitz November 14 Early 2023"]
[White "Alexandre, Anne Shopie Elizabeth"]
[Black "Begmuratov, Alisher"]
[WhiteFideId "11902418"]
[BlackFideId "14203367"]
[WhiteElo "2835"]
[BlackElo "2720"]
[Result "0-1"]
[Round "11"]
[TimeControl "180+1"]
[Date "2023.11.14"]
[WhiteClock "0:00:15"]
[BlackClock "0:00:15"]
[Board "28"]

1. d4 Nf6 2. c4 e6 3. Nf3 Bb4+ 4. Bd2 Qe7 5. a3 Bxd2+ 6. Qxd2 O-O 7. Nc3 d6 8. e4 e5 9. d5 a5 10. b3 Bg4 11. Be2 Na6 12. O-O Nc5 13. Qc2 Bxf3 14. Bxf3 g6 15. b4 Na6 16. Rab1 Nd7 17. Bg4 Nf6 18. Be2 Ne8 19. bxa5 Nc5 20. Na4 Rxa5 21. Nxc5 dxc5 22. Rxb7 Rxa3 23. Rfb1 Nd6 24. R7b3 Ra6 25. g3 Rfa8 26. h4 h5 27. Rb8+ Kg7 28. Rxa8 Rxa8 29. Bd3 f6 30. Qc3 Qd7 31. Qb3 Qg4 32. Qc2 Qf3 33. Re1 Ra3 34. Re3 Ra1+ 35. Bf1 Qg4 36. Kg2 Qc8 37. Qb2 Qa8 38. Bd3 Ra2 39. Qb1 Ra3 40. Re2 Ra1 41. Qb3 Qa3 42. Rb2 Qxb3 43. Rxb3 f5 44. exf5 gxf5 45. Be2 e4 46. Bxh5 Kf6 47. Be2 Ke5 48. h5 Ra8 49. Rb1 Kd4 50. Rd1+ Kc3 51. Kh3 Ra2 52. Bf1 Rxf2 53. h6 Nf7 54. Kh4 Rh2+ 55. Bh3 Nxh6 56. Rc1+ Kd2 57. Ra1 Ke3 58. Ra7 Ng4 59. Rxc7 Ne5 60. d6 Nf3+ 61. Kh5 Rxh3+ 62. Kg6 Rxg3+ 63. Kxf5 Nd4+ 64. Ke5 Rg5+ 65. Kf6 Kf4 66. d7 Rf5+ 67. Ke7 Re5+ 68. Kf6 Re6+ 69. Kf7 Rd6 70. Ke7 Nf5+ 71. Ke8 e3 72. Ra7 e2 73. Ra1 Ke3 74. d8=Q Rxd8+ 75. Kxd8 Kf2 76. Kd7 Nd4 77. Kd6 Nb3 78. Rb1 e1=Q 0-1


[Site "https://www.chess.com"]

[Event "Titled Tuesday Blitz November 14 Early 2023"]
[White "Hasangatin, Ramil"]
[Black "mind1mover"]
[WhiteFideId "4122160"]
[WhiteElo "2694"]
[BlackElo "2829"]
[Result "0-1"]
[Round "11"]
[TimeControl "180+1"]
[Date "2023.11.14"]
[WhiteClock "0:01:21"]
[BlackClock "0:01:09"]
[Board "29"]

1. e4 Nc6 2. Bb5 Nf6 3. Bxc6 bxc6 4. d3 g6 5. f4 d5 6. e5 Ng8 7. Nf3 c5 8. c4 Bg7 9. Nc3 c6 10. O-O Nh6 11. Na4 O-O 12. b3 Bg4 13. Kh1 f6 14. Bb2 Nf5 15. Qe1 d4 16. Bc1 Bxf3 17. Rxf3 fxe5 18. fxe5 Ne3 19. Rxf8+ Qxf8 20. Bxe3 dxe3 21. Qxe3 Qf5 22. Re1 Rf8 23. h3 Qh5 24. Nxc5 Bh6 25. Qe4 Bd2 26. Rd1 Qxd1+ 0-1


[Site "https://www.chess.com"]

[Event "Titled Tuesday Blitz November 14 Early 2023"]
[White "Xu, Yi"]
[Black "Dowgird, Filip"]
[WhiteFideId "8605564"]
[BlackFideId "1121235"]
[WhiteElo "2818"]
[BlackElo "2706"]
[Result "1-0"]
[Round "11"]
[TimeControl "180+1"]
[Date "2023.11.14"]
[WhiteClock "0:00:06"]
[BlackClock "0:00:16"]
[Board "30"]

1. e4 d6 2. d4 Nf6 3. Nc3 c6 4. f4 Qa5 5. Bd3 e5 6. Nf3 exd4 7. Nxd4 g6 8. Nb3 Qb6 9. h3 Bg7 10. Qe2 O-O 11. Be3 Qc7 12. O-O b5 13. a3 a6 14. Rae1 Nbd7 15. Qf2 Bb7 16. e5 dxe5 17. fxe5 Nxe5 18. Bb6 Nxd3 19. cxd3 Qb8 20. Re7 Bc8 21. Bc5 Be6 22. Nd4 Qc8 23. Nxe6 fxe6 24. Rxg7+ Kxg7 25. Bxf8+ Qxf8 26. Qd4 Rd8 27. Qe5 Qe7 28. Ne4 Rf8 29. g4 h6 30. h4 Qa7+ 31. d4 Qb8 32. Rxf6 Qxe5 33. dxe5 Rd8 34. Rxe6 Rd4 35. Nf6 c5 36. Rxa6 h5 37. Ra7+ Kf8 38. e6 1-0


[Site "https://www.chess.com"]

[Event "Titled Tuesday Blitz November 14 Early 2023"]
[White "Hristodoulou, Panagiotis"]
[Black "Suyarov, Mukhammadzokhid"]
[WhiteFideId "4214340"]
[BlackFideId "14210495"]
[WhiteElo "2662"]
[BlackElo "2784"]
[Result "0-1"]
[Round "11"]
[TimeControl "180+1"]
[Date "2023.11.14"]
[WhiteClock "0:01:01"]
[BlackClock "0:00:58"]
[Board "31"]

1. e4 e6 2. d4 d5 3. Nc3 Nf6 4. Bg5 Be7 5. Bxf6 Bxf6 6. Nf3 O-O 7. Be2 c5 8. exd5 cxd4 9. Nxd4 exd5 10. O-O Nc6 11. Nxc6 bxc6 12. Bd3 Rb8 13. Rb1 Qa5 14. Qf3 Be6 15. Ne2 Bxb2 16. Nf4 Bd7 17. c4 Qxa2 18. cxd5 cxd5 19. Nxd5 Kh8 20. Bxh7 g6 21. Bxg6 fxg6 22. Qe4 Bf5 23. Qh4+ Kg7 24. Qe7+ Rf7 25. Qd6 Rbb7 26. Rbe1 Rbd7 0-1


[Site "https://www.chess.com"]

[Event "Titled Tuesday Blitz November 14 Early 2023"]
[White "Panchenko, Dmitry"]
[Black "Samunenkov, Ihor"]
[WhiteFideId "4169158"]
[BlackFideId "14187086"]
[WhiteElo "2750"]
[BlackElo "2767"]
[Result "1/2-1/2"]
[Round "11"]
[TimeControl "180+1"]
[Date "2023.11.14"]
[WhiteClock "0:00:41"]
[BlackClock "0:00:06"]
[Board "32"]

1. e4 c6 2. d4 d5 3. exd5 cxd5 4. Nf3 Nc6 5. Bb5 Bg4 6. c4 Nf6 7. Nc3 e6 8. h3 Bxf3 9. Qxf3 a6 10. Ba4 Bb4 11. c5 O-O 12. Bxc6 bxc6 13. O-O Bxc3 14. bxc3 Ne4 15. Bf4 Qa5 16. c4 Qa4 17. cxd5 exd5 18. Rfd1 Rfe8 19. a3 Re6 20. Rab1 h6 21. Be5 Rae8 22. Qg4 f6 23. Rb7 R6e7 24. Rxe7 Rxe7 25. Bd6 Re8 26. Rb1 Qxd4 27. Qg6 Qxf2+ 28. Kh2 Nxd6 29. cxd6 Qf4+ 30. Kh1 Rd8 31. Rb7 Qf1+ 32. Kh2 Qf4+ 33. Kh1 Qf1+ 34. Kh2 Qf4+ 35. Kh1 1/2-1/2


[Site "https://www.chess.com"]

[Event "Titled Tuesday Blitz November 14 Early 2023"]
[White "Sokolovsky, Yahli"]
[Black "YouShallNotPass001"]
[WhiteFideId "2820242"]
[WhiteElo "2765"]
[BlackElo "2477"]
[Result "1-0"]
[Round "11"]
[TimeControl "180+1"]
[Date "2023.11.14"]
[WhiteClock "0:02:00"]
[BlackClock "0:02:42"]
[Board "33"]

1. b3 e6 2. Bb2 Nf6 3. e3 d5 4. d4 Be7 5. Nf3 O-O 6. Nbd2 c5 7. Bd3 Nc6 8. O-O a6 9. Ne5 Bd7 10. f4 b5 11. c3 b4 12. c4 cxd4 13. exd4 dxc4 14. bxc4 Rc8 15. Qf3 g6 16. Rad1 Re8 17. Qh3 Bf8 18. Ndf3 Bg7 19. Ng5 h6 20. Nexf7 hxg5 21. Nxd8 1-0


[Site "https://www.chess.com"]

[Event "Titled Tuesday Blitz November 14 Early 2023"]
[White "Atakhan, Abtin"]
[Black "Ambartsumova, Karina"]
[WhiteFideId "22502203"]
[BlackFideId "4166299"]
[WhiteElo "2754"]
[BlackElo "2610"]
[Result "0-1"]
[Round "11"]
[TimeControl "180+1"]
[Date "2023.11.14"]
[WhiteClock "0:00:00"]
[BlackClock "0:00:06"]
[Board "34"]

1. c4 e6 2. Nc3 d5 3. d4 Nf6 4. cxd5 exd5 5. Bg5 c6 6. e3 Be7 7. Bd3 Nbd7 8. Qc2 h6 9. Bh4 Nh5 10. Bxe7 Qxe7 11. Nge2 Nb6 12. O-O-O Bd7 13. Kb1 O-O-O 14. h3 Kb8 15. g4 Nf6 16. Ng3 g6 17. Ka1 Rhe8 18. Rb1 c5 19. dxc5 Qxc5 20. Nge2 Rc8 21. Nd4 Nc4 22. Rhc1 Ne5 23. Bf1 a6 24. Qb3 Qa5 25. Rd1 Ka8 26. Bg2 Nc4 27. Rbc1 Nb6 28. Nde2 Rc5 29. Nf4 Rec8 30. Rb1 g5 31. Nd3 R5c7 32. Qb4 Qxb4 33. Nxb4 Be6 34. a3 Rc5 35. Rd4 a5 36. Nd3 Rc4 37. Nb5 Rxd4 38. Nxd4 Bd7 39. Rc1 Rxc1+ 40. Nxc1 Be6 41. Nd3 Kb8 42. Nc5 Bc8 43. Ndb3 a4 44. Nd4 Kc7 45. Bf1 Kd6 46. Nd3 Bd7 47. Bg2 Ne4 48. Kb1 Nc5 49. Kc2 Nc4 50. Nxc5 Kxc5 51. Ne2 Ne5 52. Nc3 Bc6 53. Ne2 Nc4 54. Nd4 Nd6 55. Bf1 Bd7 56. Bd3 b6 57. Nf3 Be6 58. Ne5 Ne8 59. Be2 Nd6 60. Bf3 Ne8 61. Kc3 Nd6 62. Nd3+ Kc6 63. Nb4+ Kc5 64. Be2 Ne4+ 65. Kc2 Nxf2 66. Nd3+ Nxd3 67. Kxd3 Bd7 68. Bf3 f6 69. Kc3 Bb5 70. Bg2 Bd7 71. Kd3 Bc6 72. Bf3 Bb5+ 73. Kc3 Bf1 74. Bd1 Bxh3 75. Kd3 b5 76. Bf3 Bf1+ 77. Kc3 Bc4 78. Kd2 d4 79. exd4+ Kxd4 80. Bc6 Ke5 81. Ke3 f5 82. gxf5 Kxf5 83. Bd7+ Ke5 84. Bg4 Bf7 85. Be2 Be8 0-1


[Site "https://www.chess.com"]

[Event "Titled Tuesday Blitz November 14 Early 2023"]
[White "Duda, Jan-Krzysztof"]
[Black "Sousa, Andre Ventura"]
[WhiteFideId "1170546"]
[BlackFideId "1917617"]
[WhiteElo "3062"]
[BlackElo "2657"]
[Result "0-1"]
[Round "11"]
[TimeControl "180+1"]
[Date "2023.11.14"]
[WhiteClock "0:00:00"]
[BlackClock "0:00:36"]
[Board "35"]

1. e4 e5 2. Nf3 Nc6 3. Bc4 Nf6 4. Ng5 d5 5. exd5 Na5 6. Bb5+ c6 7. dxc6 bxc6 8. Bd3 Nd5 9. Nf3 Bd6 10. O-O O-O 11. Re1 f5 12. Nxe5 Qf6 13. Nf3 g5 14. c4 Nf4 15. Bf1 g4 16. d4 gxf3 17. Qxf3 Ne6 18. Qc3 Nxd4 19. c5 Bc7 20. b4 Rb8 21. Bb2 Rxb4 22. Qxb4 Bxh2+ 23. Kxh2 Qh4+ 24. Kg1 Nf3+ 25. gxf3 Qxb4 26. Bc3 Qh4 27. Nd2 Qg5+ 28. Kh1 Qh6+ 29. Kg1 Be6 30. Bxa5 Rf6 31. Bg2 Rg6 32. Rxe6 Rxe6 33. Rb1 Rg6 34. Nf1 f4 35. Rb8+ Kf7 36. Nh2 Qg5 37. Ng4 h5 38. Bf1 hxg4 39. Bc4+ Re6 40. Rb7+ Kf8 41. Bxe6 gxf3+ 42. Kf1 Qg2+ 43. Ke1 Qg1+ 44. Kd2 Qxf2+ 45. Kd3 Qe3+ 46. Kc2 Qxe6 47. Rb8+ Kf7 48. Rb7+ Kg6 0-1


[Site "https://www.chess.com"]

[Event "Titled Tuesday Blitz November 14 Early 2023"]
[White "AlmasRakhmatullaev"]
[Black "DavitSantryan02"]
[WhiteElo "2859"]
[BlackElo "2225"]
[Result "1-0"]
[Round "11"]
[TimeControl "180+1"]
[Date "2023.11.14"]
[WhiteClock "0:00:11"]
[BlackClock "0:00:05"]
[Board "36"]

1. e4 c5 2. Nf3 Nc6 3. Bb5 e6 4. Bxc6 bxc6 5. d3 Ne7 6. O-O Ng6 7. Nbd2 e5 8. c3 Be7 9. d4 cxd4 10. cxd4 exd4 11. Nxd4 O-O 12. Re1 Bf6 13. N2f3 Re8 14. Rb1 Rb8 15. b3 c5 16. e5 Nxe5 17. Nxe5 cxd4 18. Bf4 Rb5 19. Nc4 Rxe1+ 20. Qxe1 d5 21. Nd6 Rb6 22. Rc1 Be6 23. Nc8 Bxc8 24. Bc7 Qd7 25. Bxb6 axb6 26. Qb4 h6 27. Qxb6 Kh7 28. a4 Qg4 29. h3 Qg5 30. Rxc8 d3 31. Qe3 d2 32. Qd3+ Qg6 33. Qxd2 Bg5 34. Qc2 f5 35. Rc6 Bf6 36. g4 d4 37. Qxf5 Qxf5 38. gxf5 Kg8 39. Rd6 Kf7 40. Rd5 Ke7 41. a5 g6 42. a6 gxf5 43. a7 Ke6 44. a8=Q Be5 45. Qc6+ Ke7 46. Rd7+ 1-0


[Site "https://www.chess.com"]

[Event "Titled Tuesday Blitz November 14 Early 2023"]
[White "Makhnev, Denis"]
[Black "Weetik, Vjacheslav"]
[WhiteFideId "13707647"]
[BlackFideId "4153472"]
[WhiteElo "2656"]
[BlackElo "2804"]
[Result "0-1"]
[Round "11"]
[TimeControl "180+1"]
[Date "2023.11.14"]
[WhiteClock "0:00:00"]
[BlackClock "0:00:47"]
[Board "37"]

1. Nf3 Nf6 2. c4 g6 3. Nc3 Bg7 4. g3 c6 5. Bg2 d5 6. cxd5 cxd5 7. d4 O-O 8. Ne5 e6 9. O-O Nfd7 10. f4 Nc6 11. Be3 Nb6 12. b3 Bd7 13. Rc1 f6 14. Nd3 Qe7 15. Bf2 f5 16. Nc5 Be8 17. Qd2 Rc8 18. e3 Nd8 19. Rc2 Nf7 20. Rfc1 Nd6 21. Nd1 h6 22. Nb2 Ne4 23. Nxe4 Rxc2 24. Qxc2 fxe4 25. Qc5 Bf6 26. Qxe7 Bxe7 27. Bh3 Kf7 28. Be1 Bb5 29. Rc7 Rc8 30. Rxc8 Nxc8 31. Bf1 Bxf1 32. Kxf1 g5 33. Na4 Bf6 34. Nc5 b6 35. Nd7 Nd6 36. Nxf6 Kxf6 37. g4 Kg6 38. a4 Ne8 39. Kg2 Nf6 40. Kg3 h5 41. h3 hxg4 42. hxg4 Nd7 43. Bb4 Nb8 44. Bd6 Nc6 45. b4 a6 46. fxg5 Kxg5 47. Bf4+ Kg6 48. Bd6 Kg5 49. Bf4+ Kf6 50. Bd6 b5 51. axb5 axb5 52. Kf4 Kg6 53. Bc5 Kf6 54. Bd6 Nd8 55. Be5+ Kg6 56. Bd6 Nf7 57. Be7 Kg7 58. Kg3 Nh8 59. Bc5 Ng6 60. g5 Kf7 61. Kg4 Kg7 62. Kh5 Nf4+ 0-1


[Site "https://www.chess.com"]

[Event "Titled Tuesday Blitz November 14 Early 2023"]
[White "Yen, William"]
[Black "CrazyAdvenTures"]
[WhiteFideId "30932025"]
[WhiteElo "2652"]
[BlackElo "2799"]
[Result "1/2-1/2"]
[Round "11"]
[TimeControl "180+1"]
[Date "2023.11.14"]
[WhiteClock "0:00:59"]
[BlackClock "0:01:28"]
[Board "38"]

1. e4 c5 2. Nf3 Nc6 3. d4 cxd4 4. Nxd4 e5 5. Nb5 d6 6. N1c3 a6 7. Na3 Be6 8. Nc4 Rb8 9. a4 Nb4 10. Be2 Nf6 11. O-O Be7 12. Bg5 O-O 13. Ne3 Rc8 14. a5 Nc6 15. Bxf6 Bxf6 16. Ncd5 Bg5 17. c3 Nxa5 18. Nf5 Kh8 19. Nxd6 Qxd6 20. Rxa5 Rfd8 21. Bf3 Rc5 22. Rxc5 Qxc5 23. Qb3 Qc6 24. g3 g6 25. Kg2 Kg7 26. h4 Bf6 27. Rd1 1/2-1/2


[Site "https://www.chess.com"]

[Event "Titled Tuesday Blitz November 14 Early 2023"]
[White "Adla, Diego"]
[Black "Maksimovic, Bojan"]
[WhiteFideId "100072"]
[BlackFideId "14408120"]
[WhiteElo "2643"]
[BlackElo "2799"]
[Result "1-0"]
[Round "11"]
[TimeControl "180+1"]
[Date "2023.11.14"]
[WhiteClock "0:00:39"]
[BlackClock "0:00:04"]
[Board "39"]

1. e4 c5 2. Nf3 e6 3. d3 Nc6 4. g3 g6 5. Bg2 Bg7 6. O-O Nge7 7. c3 O-O 8. a4 d5 9. Qe2 d4 10. e5 Nd5 11. c4 Ndb4 12. Bf4 b6 13. Nbd2 Bb7 14. Ne4 Rb8 15. h4 Qc7 16. Rae1 Nxe5 17. Nxe5 f6 18. Nxg6 e5 19. Nxf8 Rxf8 20. Bc1 f5 21. Ng5 Bxg2 22. Kxg2 h6 23. Nh3 Qc6+ 24. f3 Qxa4 25. Bd2 Nc6 26. Ra1 Qb3 27. Bc1 b5 28. Qd1 bxc4 29. Qxb3 cxb3 30. Bd2 Rb8 31. Rfc1 Bf8 32. Nf2 Rb6 33. g4 fxg4 34. fxg4 Nd8 35. Ne4 Ne6 36. g5 a6 37. gxh6 Be7 38. Kh3 Kh7 39. Rf1 Rc6 40. Rf7+ Kg6 41. Rxe7 c4 42. Rg1+ Kf5 43. Rf7# 1-0


[Site "https://www.chess.com"]

[Event "Titled Tuesday Blitz November 14 Early 2023"]
[White "Kuzhylnyi, Oleksandr"]
[Black "Tatarinov, Dmitry"]
[WhiteFideId "34110500"]
[BlackFideId "24160067"]
[WhiteElo "2641"]
[BlackElo "2799"]
[Result "1-0"]
[Round "11"]
[TimeControl "180+1"]
[Date "2023.11.14"]
[WhiteClock "0:00:45"]
[BlackClock "0:00:08"]
[Board "40"]

1. b3 Nf6 2. Bb2 g6 3. Nf3 Bg7 4. g3 O-O 5. Bg2 c5 6. c4 Nc6 7. O-O d6 8. d4 Bf5 9. Nc3 Ne4 10. Nd5 cxd4 11. Nxd4 Nc5 12. Nxc6 bxc6 13. Bxg7 Kxg7 14. Nc3 Qb6 15. Qd4+ Kg8 16. e4 Be6 17. e5 Rfd8 18. Rad1 a5 19. Rfe1 Rac8 20. exd6 Rxd6 21. Qh4 Qb4 22. Ne4 Nxe4 23. Qxe4 Rcd8 24. Bf3 c5 25. h4 Rd4 26. Qe3 h5 27. Kh2 a4 28. Qg5 axb3 29. Rxd4 Rxd4 30. Rxe6 fxe6 31. Qxg6+ Kf8 32. Bxh5 Rxh4+ 33. gxh4 Qb8+ 34. Kh3 Qf4 35. axb3 Qxf2 36. Qh6+ Kg8 37. Qxe6+ Kf8 38. Qc8+ Kg7 39. Qg4+ Kf8 40. Qf3+ 1-0


[Site "https://www.chess.com"]

[Event "Titled Tuesday Blitz November 14 Early 2023"]
[White "Aaditya Dhingra"]
[Black "Materia, Marco"]
[WhiteFideId "25678191"]
[BlackFideId "45150451"]
[WhiteElo "2622"]
[BlackElo "2793"]
[Result "0-1"]
[Round "11"]
[TimeControl "180+1"]
[Date "2023.11.14"]
[WhiteClock "0:00:03"]
[BlackClock "0:00:58"]
[Board "41"]

1. c4 e6 2. Nc3 d5 3. d4 Nf6 4. cxd5 exd5 5. Bf4 Be7 6. e3 O-O 7. Bd3 c6 8. h3 Re8 9. Nf3 Nbd7 10. O-O Nf8 11. Ne5 N6d7 12. Nf3 Ng6 13. Bh2 Ndf8 14. Rb1 a5 15. a3 Bd6 16. Bxd6 Qxd6 17. b4 axb4 18. axb4 Ra3 19. Qc1 Ra8 20. b5 Bd7 21. bxc6 bxc6 22. Qc2 Reb8 23. Na4 Ne6 24. Nb6 Ra7 25. Nxd7 Rxb1 26. Rxb1 Rxd7 27. Rb6 Nd8 28. h4 Ra7 29. g3 Qc7 30. Rb1 Nf8 31. Qc5 Nfe6 32. Qb6 Qe7 33. Qb8 g6 34. h5 Kg7 35. Qe5+ f6 36. Qb8 Ra3 37. Bc2 c5 38. hxg6 hxg6 39. Nh4 cxd4 40. Nxg6 Qc5 41. Bf5 dxe3 42. Rb7+ Kh6 43. Nf4 exf2+ 44. Kh2 f1=N+ 45. Kh3 Rxg3+ 46. Kh4 Rg4+ 47. Kxg4 Qg1+ 48. Kf3 Nd4# 0-1


[Site "https://www.chess.com"]

[Event "Titled Tuesday Blitz November 14 Early 2023"]
[White "Gontcharov, Vladislav"]
[Black "Llorente Zaro, Alfonso"]
[WhiteFideId "4123492"]
[BlackFideId "2254131"]
[WhiteElo "2619"]
[BlackElo "2773"]
[Result "0-1"]
[Round "11"]
[TimeControl "180+1"]
[Date "2023.11.14"]
[WhiteClock "0:00:00"]
[BlackClock "0:01:18"]
[Board "42"]

1. d4 b5 2. a4 b4 3. e4 Bb7 4. Bd3 e6 5. Qe2 Nf6 6. Nf3 d5 7. e5 Nfd7 8. O-O c5 9. c4 dxc4 10. Bxc4 cxd4 11. Nxd4 Nc6 12. Nf3 Qc7 13. Bf4 Be7 14. Nbd2 Nc5 15. b3 O-O 16. Rac1 Rfd8 17. Qe3 Qb6 18. Bg5 Bxg5 19. Nxg5 h6 20. Ngf3 Nd3 21. Qxb6 axb6 22. Bxd3 Rxd3 23. Rc4 Rad8 24. Ne4 Rxb3 25. Nd6 Ba8 26. Nb5 Rxf3 27. gxf3 Nxe5 28. Rf4 Nxf3+ 29. Rxf3 Bxf3 30. h3 Rd1 31. Rxd1 Bxd1 32. Kf1 Bxa4 33. Nd4 b3 0-1


[Site "https://www.chess.com"]

[Event "Titled Tuesday Blitz November 14 Early 2023"]
[White "Alen_Yeremyann"]
[Black "Skatchkov, Valery"]
[BlackFideId "24195812"]
[WhiteElo "2771"]
[BlackElo "2594"]
[Result "1-0"]
[Round "11"]
[TimeControl "180+1"]
[Date "2023.11.14"]
[WhiteClock "0:01:25"]
[BlackClock "0:01:04"]
[Board "43"]

1. e4 e5 2. Nf3 d5 3. Qe2 Nf6 4. exd5 e4 5. Nc3 Be7 6. Nxe4 Nxd5 7. Nc3 Be6 8. Nd4 Nxc3 9. dxc3 Bd7 10. Be3 O-O 11. O-O-O c6 12. Nf5 Bf6 13. g4 Qa5 14. Kb1 Be6 15. a3 b5 16. Bd4 Nd7 17. Bg2 Bxd4 18. Nxd4 Bc4 19. Qe7 Nf6 20. Nxc6 Qb6 21. g5 Qxf2 22. gxf6 Qxg2 23. Rhg1 Qxc6 24. Rxg7+ Kh8 25. Qe5 Qf3 26. Rdg1 Rad8 27. b3 Rd1+ 28. Kb2 Bd3 29. Rg8+ 1-0


[Site "https://www.chess.com"]

[Event "Titled Tuesday Blitz November 14 Early 2023"]
[White "Petkov, Momchil"]
[Black "Tasev, Dejan"]
[WhiteFideId "2921642"]
[BlackFideId "936618"]
[WhiteElo "2748"]
[BlackElo "2590"]
[Result "1-0"]
[Round "11"]
[TimeControl "180+1"]
[Date "2023.11.14"]
[WhiteClock "0:01:13"]
[BlackClock "0:00:00"]
[Board "44"]

1. d4 Nf6 2. Nf3 e6 3. Bf4 b6 4. e3 Bb7 5. Bd3 h6 6. O-O d6 7. c4 g5 8. Bg3 Nh5 9. Nc3 Nxg3 10. hxg3 h5 11. d5 e5 12. Bf5 g4 13. Nh2 Nd7 14. f3 h4 15. Qe1 hxg3 16. Qxg3 Bh6 17. Nxg4 Nf6 18. Nxh6 Rxh6 19. Qg7 Rh5 20. g4 Rxf5 21. gxf5 Ke7 22. Kf2 a6 23. Ne4 Nxe4+ 24. fxe4 Qf8 25. f6+ Kd7 26. Qg4+ Kd8 27. Rh1 1-0


[Site "https://www.chess.com"]

[Event "Titled Tuesday Blitz November 14 Early 2023"]
[White "Hayrapetyan, Hovik"]
[Black "Lymar, Vladislav"]
[WhiteFideId "13302639"]
[BlackFideId "14162180"]
[WhiteElo "2730"]
[BlackElo "2584"]
[Result "1-0"]
[Round "11"]
[TimeControl "180+1"]
[Date "2023.11.14"]
[WhiteClock "0:00:05"]
[BlackClock "0:00:00"]
[Board "45"]

1. d4 d6 2. Nf3 Nf6 3. c4 Nbd7 4. g3 e5 5. Bg2 Be7 6. O-O O-O 7. Nc3 c6 8. e4 Qe8 9. Re1 Bd8 10. h3 Ba5 11. Qc2 Qe7 12. Be3 Re8 13. Rad1 Bxc3 14. bxc3 exd4 15. cxd4 Qxe4 16. Qb3 Qe7 17. Bf4 Qf8 18. Qa3 Rxe1+ 19. Rxe1 c5 20. dxc5 Nxc5 21. Nd4 Bd7 22. Nb3 Bc6 23. Nxc5 Bxg2 24. Ne6 fxe6 25. Bxd6 Qe8 26. Kxg2 Qc6+ 27. Kg1 Qxc4 28. Be5 Nd5 29. Qd6 Qc6 30. Qa3 a6 31. Rc1 Qd7 32. Rc4 Rf8 33. Rg4 g6 34. Ba1 Qb5 35. Qc1 Qe2 36. Qb2 Qxb2 37. Bxb2 Rc8 38. Be5 Rc2 39. a4 b5 40. axb5 axb5 41. Bd6 Rc6 42. Ba3 Rc3 43. Bd6 Rc4 44. Rg5 b4 45. Re5 Kf7 46. Re1 1-0


[Site "https://www.chess.com"]

[Event "Titled Tuesday Blitz November 14 Early 2023"]
[White "Aradhya, Garg"]
[Black "Vestby-Ellingsen, Mads"]
[WhiteFideId "25006746"]
[BlackFideId "1520857"]
[WhiteElo "2727"]
[BlackElo "2578"]
[Result "0-1"]
[Round "11"]
[TimeControl "180+1"]
[Date "2023.11.14"]
[WhiteClock "0:00:16"]
[BlackClock "0:00:15"]
[Board "46"]

1. d4 d6 2. g3 a6 3. Bg2 e5 4. dxe5 dxe5 5. Qxd8+ Kxd8 6. Nc3 Nc6 7. Be3 Be6 8. O-O-O+ Kc8 9. Bxc6 bxc6 10. f4 Bb4 11. fxe5 Bxc3 12. bxc3 Bxa2 13. Nf3 Ne7 14. Rhf1 h6 15. Bc5 Ng6 16. e4 Re8 17. Bd4 Rb8 18. h4 Rd8 19. h5 Nf8 20. Nd2 Ne6 21. Be3 a5 22. Nb3 a4 23. Rxd8+ Nxd8 24. Nd2 Be6 25. Bc5 Nb7 26. Ba3 Na5 27. Bb4 Ra8 28. Kb2 Nb7 29. c4 c5 30. Ba3 Na5 31. Kc3 Nb7 32. Rb1 Bd7 33. Rf1 Be6 34. Rf4 Kd7 35. Nf1 c6 36. Ne3 g6 37. hxg6 fxg6 38. Rf6 Rg8 39. Ng2 g5 40. Rxh6 Rf8 41. Rh7+ Kc8 42. Re7 Rf3+ 43. Kd2 Bxc4 44. Ne3 Ba2 45. Nf5 Rxa3 46. e6 Rf3 47. Re8+ Kc7 48. e7 Be6 49. Rd8 Bd7 50. e8=Q Bxe8 51. Rxe8 a3 52. Ra8 Kb6 53. Ke2 Rc3 54. Kd2 Rc4 55. Kd3 Rb4 56. Rxa3 Na5 57. Ra2 Rb1 58. Ne3 Re1 59. Rb2+ Kc7 60. c3 Rxe3+ 61. Kxe3 Nc4+ 62. Kf3 Nxb2 63. Kg4 Kd6 64. Kxg5 Ke5 65. g4 Nd3 66. Kh6 Kxe4 67. g5 Ne5 68. Kg7 Kf5 69. Kf8 Kxg5 70. Ke7 Kf4 71. Kd6 c4 72. Kc5 Ke4 73. Kd6 Kd3 74. Kxe5 Kxc3 75. Kd6 Kd3 76. Kxc6 c3 77. Kb5 c2 78. Kc6 c1=R+ 79. Kd7 Rc5 80. Kd6 Kd4 81. Ke6 Ra5 82. Kd7 Kd5 83. Ke7 Ra6 84. Kf7 Ke5 85. Kg7 Kf5 86. Kh7 Kg5 87. Kg7 Ra7+ 88. Kf8 Kf6 89. Ke8 Rh7 90. Kd8 Ke6 91. Kc8 Kd6 92. Kb8 Kc6 93. Ka8 Kb6 94. Kb8 Rh8# 0-1


[Site "https://www.chess.com"]

[Event "Titled Tuesday Blitz November 14 Early 2023"]
[White "Sharapov, Evgeny"]
[Black "Halkias, Stelios"]
[WhiteFideId "14103133"]
[BlackFideId "4201809"]
[WhiteElo "2573"]
[BlackElo "2725"]
[Result "1-0"]
[Round "11"]
[TimeControl "180+1"]
[Date "2023.11.14"]
[WhiteClock "0:01:11"]
[BlackClock "0:00:17"]
[Board "47"]

1. e4 c5 2. Nf3 d6 3. d4 cxd4 4. Nxd4 Nf6 5. f3 e5 6. Nb3 a5 7. Bb5+ Nc6 8. Nc3 Be6 9. Be3 Be7 10. Qd2 O-O 11. Rd1 a4 12. Bxa4 Qc8 13. Bb5 Nb4 14. a3 d5 15. axb4 d4 16. Nxd4 exd4 17. Bxd4 Rd8 18. O-O Bxb4 19. Qe3 Rxd4 20. Rxd4 Bc5 21. Rfd1 h6 22. Kh1 Qc7 23. Qd2 Bxd4 24. Qxd4 Qf4 25. e5 Nh5 26. Qxf4 Nxf4 27. g3 Ng6 28. f4 Ne7 29. Kg1 Nf5 30. Kf2 Rc8 31. Bd7 Rc5 32. Bxe6 fxe6 33. Rd2 b5 34. Ne4 Rc4 35. Nd6 Rc5 36. Nxf5 exf5 37. c3 Kf8 38. Ke3 Rc4 39. Rd4 Rc7 40. Rb4 Rc5 41. Kd4 Rc8 42. Rxb5 1-0


[Site "https://www.chess.com"]

[Event "Titled Tuesday Blitz November 14 Early 2023"]
[White "Santos Flores, Alberto"]
[Black "djokovic74"]
[WhiteFideId "3601234"]
[WhiteElo "2568"]
[BlackElo "2722"]
[Result "1-0"]
[Round "11"]
[TimeControl "180+1"]
[Date "2023.11.14"]
[WhiteClock "0:00:23"]
[BlackClock "0:00:19"]
[Board "48"]

1. e4 e6 2. d4 d5 3. Nc3 Nf6 4. e5 Nfd7 5. Nce2 c5 6. c3 cxd4 7. cxd4 f6 8. exf6 Nxf6 9. Nf3 Nc6 10. Nc3 Bd6 11. Bd3 a6 12. O-O Qc7 13. h3 O-O 14. Re1 Bd7 15. Bg5 Rae8 16. Rc1 Qb8 17. Bb1 Re7 18. a3 Be8 19. Qd2 Bh5 20. Nh4 Bh2+ 21. Kh1 Bd6 22. g4 Be8 23. Ng2 h6 24. Be3 e5 25. dxe5 Nxe5 26. Nxd5 Ref7 27. Qc2 Bc6 28. Nxf6+ Rxf6 29. Qh7+ Kf7 30. f4 Ng6 31. Ba2+ Ke7 32. Bd4+ Kd7 33. Qxg7+ Be7 34. Bxf6 Rxf6 35. Rxe7+ Nxe7 36. Qxf6 Qa7 37. Rd1+ Kc7 38. Qxe7+ Kb6 39. Qe3+ 1-0


[Site "https://www.chess.com"]

[Event "Titled Tuesday Blitz November 14 Early 2023"]
[White "Hua, Lefong"]
[Black "ChainedDowntohell"]
[WhiteFideId "2602253"]
[WhiteElo "2711"]
[BlackElo "2567"]
[Result "0-1"]
[Round "11"]
[TimeControl "180+1"]
[Date "2023.11.14"]
[WhiteClock "0:00:24"]
[BlackClock "0:00:34"]
[Board "49"]

1. d4 Nf6 2. c4 e6 3. Nc3 Bb4 4. f3 d5 5. a3 Be7 6. e4 dxc4 7. Bxc4 c5 8. Nge2 cxd4 9. Nxd4 Qc7 10. Bb5+ Bd7 11. Be3 Nc6 12. O-O Bc5 13. Nf5 Qb6 14. Nxg7+ Kf8 15. Nxe6+ Bxe6 16. Bxc5+ Qxc5+ 17. Kh1 Nd4 18. Bd3 Rd8 19. Qd2 h6 20. Qf2 Nb3 21. Qxc5+ Nxc5 22. Be2 Ke7 23. b4 Nb3 24. Rae1 Rd2 25. f4 Rc8 26. Nd5+ Bxd5 27. exd5 Kd6 28. Bf3 Nd4 29. h4 Rcc2 0-1


[Site "https://www.chess.com"]